Map: Neon Violet Square LE

Players

Redeagl

  • Race: Zerg Zerg
  • League: Diamond
  • Spawn Location: 5:00

Crackbaby - Winner!

  • Race: Terran Terran
  • League: Diamond
  • Spawn Location: 11:00

VOD

Have the link to the VOD?

Description

Time

  • Played on: Jan. 29, 2018, 3:02 p.m.
  • Length: 9:16
Show
View Real Time Build Order
Export as new Build Order

Redeagl Zerg 

Build Orders: Hatch First 

Get SALT Encoding   

  12  0:01  Drone  
  13  0:13  Overlord  
  13  0:18  Drone  
  14  0:32  Drone x2  
  16  0:36  Drone  
  17  0:45  Drone  
  18  0:56  Hatchery  
  17  1:00  Extractor  
  17  1:01  Drone  
  17  1:16  Spawning Pool  
  17  1:18  Drone  
  17  1:24  Drone  
  18  1:29  Drone  
  19  1:39  Overlord  
  19  1:52  Drone  
  20  2:01  Drone  
  20  2:03  Metabolic Boost  
  20  2:04  Queen  
  23  2:08  Queen  
  23  2:12  Zergling x2  
  23  2:15  Zergling x2  
  27  2:20  Drone  
  27  2:22  Drone  
  29  2:33  Overlord  
  29  2:36  Drone  
  30  2:48  Hatchery  
  29  2:53  Drone x2  
  29  2:55  Drone  
  32  2:58  Drone  
  32  3:03  Overlord  
  33  3:07  Zergling x2  
  34  3:13  Drone  
  34  3:14  Drone  
  34  3:17  Overlord  
  36  3:22  Drone x2  
  36  3:23  Drone  
  39  3:27  Pneumatized Carapace  
  39  3:34  Drone  
  40  3:36  Baneling Nest  
  40  3:38  Drone x2  
  41  3:41  Drone  
  41  3:43  Drone  
  41  3:45  Zergling x2  
  41  3:46  Zergling x2  
  44  3:50  Zergling x2  
  44  3:54  Drone x2  
  47  4:01  Drone  
  48  4:05  Overlord  
  48  4:09  Roach Warren  
  47  4:10  Queen, Drone  
  47  4:14  Queen  
  52  4:17  Drone  
  52  4:21  Lair  
  51  4:33  Zergling x2  
  51  4:34  Zergling x8  
  51  4:35  Zergling x2  
  51  4:37  Zergling x2  
  56  4:39  Zergling x2  
  56  4:40  Zergling x2  
  56  4:41  Zergling x2  
  56  4:44  Baneling  
  56  4:45  Baneling x2  
  59  4:46  Drone x2, Queen  
  59  4:50  Queen  
  61  5:09  Drone x6  
  61  5:11  Overlord  
  61  5:12  Overlord x3  
  63  5:17  Drone x2  
  65  5:29  Extractor  
  65  5:30  Extractor  
  65  5:35  Hydralisk Den  
  62  5:36  Extractor  
  61  5:44  Spore Crawler  
  61  5:45  Spore Crawler  
  61  5:47  Spore Crawler, Drone  
  61  5:48  Drone x3  
  62  5:53  Drone x2  
  62  5:55  Drone x3  
  67  5:59  Zergling x14  
  71  6:06  Zergling x2  
  71  6:07  Zergling x10  
  71  6:08  Centrifical Hooks  
  77  6:20  Zergling x2  
  77  6:21  Zergling x6  
  80  6:28  Zergling x12  
  62  6:49  Overlord x4  
  62  6:50  Overlord x5  
  51  6:56  Zergling x12  
  51  7:01  Zergling x2  
  52  7:03  Zergling x2  
  52  7:05  Zergling x2  
  52  7:08  Zergling x4  
  55  7:09  Zergling x2  
  56  7:16  Baneling x2  
  56  7:17  Baneling  
  56  7:18  Baneling  
  56  7:19  Baneling  
  55  7:23  Zergling x2  
  55  7:28  Zergling x2  
  55  7:37  Zergling x2  
  55  7:38  Zergling x4  
  56  7:48  Zergling x2  
  56  7:49  Zergling x2  
  52  8:04  Zergling x2  
  52  8:06  Baneling x4  
  52  8:07  Baneling x2  
  52  8:10  Zergling x2  
  51  8:25  Zergling x2  
  46  8:34  Zergling x4  
  46  8:35  Zergling x2  
  46  8:40  Zergling x2  
  49  8:46  Baneling  
  47  8:52  Zergling x2  
Show
View Real Time Build Order
Export as new Build Order

Crackbaby Terran - Winner!

Build Orders: MMM Bio 

Get SALT Encoding   

  12  0:02  SCV  
  13  0:14  SCV  
  14  0:18  Supply Depot  
  14  0:30  SCV  
  15  0:41  Barracks  
  15  0:43  SCV  
  16  0:55  SCV  
  17  1:09  SCV  
  18  1:22  Refinery, SCV  
  19  1:28  Marine  
  20  1:35  Orbital Command  
  20  1:39  Command Center  
  20  1:46  Marine  
  21  1:56  Supply Depot  
  21  2:02  SCV  
  21  2:07  Barracks Reactor, Barracks  
  23  2:15  SCV  
  23  2:26  Barracks  
  23  2:36  SCV  
  24  2:44  Marine x2  
  24  2:48  SCV  
  27  2:52  Orbital Command  
  27  2:55  Barracks Tech Lab  
  27  3:00  SCV  
  27  3:02  Marine  
  27  3:04  Marine  
  30  3:12  SCV  
  31  3:14  Barracks Reactor, Marine  
  31  3:15  Stimpack  
  31  3:18  SCV  
  33  3:20  Marine  
  33  3:22  Marine  
  33  3:24  SCV  
  36  3:30  SCV  
  36  3:32  Marine  
  38  3:37  Marine  
  38  3:40  Supply Depot, SCV, Marine  
  41  3:42  SCV  
  42  3:49  Supply Depot  
  42  3:50  Marine  
  42  3:52  SCV  
  42  3:55  Marine  
  44  3:57  Marine  
  44  4:01  Marine x2  
  48  4:04  SCV  
  48  4:08  Marine  
  48  4:09  Engineering Bay x2, SCV  
  51  4:13  Marine  
  51  4:15  Marine  
  51  4:16  SCV  
  54  4:19  Marine x2  
  56  4:26  Marine  
  56  4:29  Supply Depot  
  56  4:31  Marine  
  57  4:33  Marine  
  57  4:37  Marine x2  
  57  4:38  Terran Infantry Armor Level 1, Terran Infantry Weapons Level 1  
  61  4:40  SCV  
  62  4:49  Refinery  
  62  4:50  Marine x2  
  62  4:51  SCV, Marine  
  62  4:52  SCV  
  67  4:55  Marine x2  
  67  4:58  Supply Depot  
  69  5:03  SCV  
  69  5:04  Supply Depot  
  65  5:08  Marine x3  
  65  5:13  Marine x2  
  61  5:15  Combat Shields  
  60  5:23  Barracks  
  60  5:26  Barracks, Marine x3  
  60  5:27  Barracks  
  63  5:29  Supply Depot  
  63  5:30  Marine x2  
  65  5:44  Marine x3  
  65  5:46  Supply Depot  
  65  5:48  Marine x2  
  70  6:01  Supply Depot  
  70  6:02  Marine x2  
  72  6:06  Marine x3  
  75  6:15  Barracks Reactor x3  
  75  6:19  Marine x2  
  75  6:21  Factory  
  75  6:23  Marine  
  75  6:24  Marine x2  
  76  6:37  Marine x2  
  78  6:41  Marine  
  78  6:42  Marine x2  
  81  6:48  SCV x2  
  82  6:55  Marine x2  
  82  6:56  Marine x3  
  82  6:57  Marine x3  
  82  6:59  Marine x2  
  82  7:00  SCV x2  
  94  7:03  Supply Depot  
  94  7:08  Armory  
  94  7:12  SCV x2  
  94  7:16  Marine x4  
  94  7:17  Marine x5  
  103  7:24  SCV  
  103  7:26  Marine x2  
  106  7:34  Marine x5  
  106  7:35  Marine x4  
  106  7:43  Marine x2  
  93  7:52  Marine x4  
  93  7:53  Marine x2  
  99  8:12  Marine x5  
  96  8:13  Marine x5  
  96  8:14  Marine  
  104  8:22  Supply Depot  
  104  8:24  Supply Depot  
  104  8:25  Supply Depot  
  104  8:30  Marine x2  
  102  8:34  Marine x3  
  102  8:35  Marine x2  
  102  8:39  Marine x4  
  111  8:48  Marine x2  
  113  8:52  Marine x4  
  113  8:53  Marine  
  117  8:56  Marine x2  
  117  8:57  Marine  
Tags
 
Add a new tag
Caveats
  • Supply blocks, unpowered buildings, or Contaminate may cause inaccurate times.
  • Supply counts are checked every 10 seconds.